 Dungeon Crawl Stone Soup version 0.19.4 (webtiles) character file.

103 Jerry the Skirmisher (level 4, -2/72 HPs)
             Began as an Ogre Hunter on Feb 2, 2017.
             Slain by an orc
             ... wielding a +0 trident
              (4 damage)
             ... on level 3 of the Dungeon.
             The game lasted 00:06:42 (1973 turns).

Jerry the Skirmisher (Ogre Hunter)                  Turns: 1973, Time: 00:06:44

Health: -2/72      AC: 22    Str: 24    XL:     4   Next: 79%
Magic:  4/4        EV:  1    Int: 10    God:
Gold:   118        SH:  0    Dex: 11    Spells: 0 memorised, 3 levels left

rFire  . . .     SeeInvis .     q - +1 mace (protect)
rCold  . . .     Gourm    .     (armour currently unavailable)
rNeg   + + +     Faith    .     (no shield)
rPois  +         Spirit   .     (helmet currently unavailable)
rElec  .         Reflect  .     (cloak currently unavailable)
rCorr  .         Harm     .     (gloves unavailable)
MR     +....     NoTele   +     (boots unavailable)
Stlth  ++........               (no amulet)
                                u - ring of teleportation (curse)
                                i - ring of protection from magic

@: mighty, tree-form
A: unfitting armour, repulsion field 1, (cold resistance 0), strong 1, (tough
skin 0)
a: no special abilities


You were on level 3 of the Dungeon.
You were hungry.
You were a tree.
You visited 1 branch of the dungeon, and saw 3 of its levels.

You collected 118 gold pieces.

Inventory:

Hand Weapons
 l - a +0 club
 q - a +1 mace of protection (weapon)
Missiles
 c - 5 large rocks (quivered)
 d - 2 throwing nets
Armour
 b - a +0 robe (melded)
 v - a +0 cloak (melded)
Jewellery
 i - a ring of protection from magic (left branch)
 u - a cursed ring of teleportation (right branch)
Wands
 k - a wand of digging (19/24)
Scrolls
 m - 3 scrolls of identify {unknown}
 n - 2 scrolls of remove curse {unknown}
 p - a scroll of magic mapping {unknown}
 s - a scroll of fear {unknown}
 t - a scroll of enchant armour {unknown}
Potions
 h - 2 potions of mutation
 j - a potion of curing
Comestibles
 f - a bread ration
 r - a meat ration


   Skills:
 + Level 4.2 Fighting
 * Level 2.5 Maces & Flails
 - Level 4.0 Throwing
 + Level 2.3 Dodging
 - Level 1.7 Stealth


You had 3 spell levels left.
You didn't know any spells.

Dungeon Overview and Level Annotations

Branches:
Dungeon (3/15)

Altars:
Cheibriados
Fedhas
Qazlal
Yredelemnul
Zin


Innate Abilities, Weirdness & Mutations

You are too large for most types of armour.
((You have tough skin. (AC +1)))
You are surrounded by a mild repulsion field. (EV +2)
((Your flesh is cold resistant. (rC+)))
Your muscles are strong. (Str +2)


Message History

* * * LOW HITPOINT WARNING * * *
The orc barely misses you. The orc hits you with a trident.
* * * LOW HITPOINT WARNING * * *
The orc barely misses you.
It was a potion of lignification.
You turn into a tree.
Your +0 cloak melds into your body.
Your +0 robe melds into your body.
Your roots penetrate the ground.
The phantom hits you but does no damage.
The orc wizard hits you but does no damage.
The orc hits you but does no damage. The orc hits you.
* * * LOW HITPOINT WARNING * * *
The orc hits you but does no damage.
Okay, then.
As you read the scroll labeled FUIHUO WUMYIZ, it crumbles to dust.
You cannot teleport because you are held in place by your roots.
It was a scroll of blinking.
The phantom hits you but does no damage.
The orc wizard hits you but does no damage.
The orc hits you but does no damage. x2; The orc hits you with a trident.
You die...

#.(......P.....
########PPPP..#
#PP_Pr.# #PP.PP.#
##.P....#
#.......#
#######.....)##
###oW.o......≈§#
#oo♣oo####.#§≈§#
#.#o#.# #§§#≈.#
#...o.... .§#§§##
#.#?#.#.#########
#.......#
#########


You could see a phantom, 2 orc wizards and 6 orcs.

Vanquished Creatures
  5 adders (D:2)
  2 oozes (D:1)
  A dart slug (D:2)
  A giant cockroach (D:2)
  7 goblins
  6 hobgoblins
  3 jackals (D:2)
  7 bats
  A frilled lizard (D:1)
  7 kobolds
  10 rats
  A spectral orc (D:2)
51 creatures vanquished.

Vanquished Creatures (others)
  A fungus (D:3)
  5 toadstools (D:1)
6 creatures vanquished.

Grand Total: 57 creatures vanquished

Notes
Turn   | Place    | Note
-------+----------+-------------------------------------------
     0 | D:1      | Jerry the Ogre Hunter began the quest for the Orb.
     0 | D:1      | Reached XP level 1. HP: 22/22 MP: 1/1
    56 | D:1      | Reached skill level 1 in Stealth
    60 | D:1      | Reached XP level 2. HP: 29/31 MP: 2/2
   508 | D:1      | Reached XP level 3. HP: 39/39 MP: 3/3
   938 | D:2      | Reached skill level 1 in Maces & Flails
  1007 | D:2      | Found a faded altar of an unknown god.
  1039 | D:2      | Found a basalt altar of Yredelemnul.
  1089 | D:2      | Reached XP level 4. HP: 46/48 MP: 4/4
  1157 | D:2      | Found a snail-covered altar of Cheibriados.
  1157 | D:2      | Found a glowing silver altar of Zin.
  1850 | D:3      | Found a blossoming altar of Fedhas.
  1947 | D:3      | Found a stormy altar of Qazlal.
  1966 | D:3      | Noticed a phantom
  1970 | D:3      | Gained mutation: Your flesh is cold resistant. (rC+) [potion of mutation]
  1970 | D:3      | Gained mutation: You are surrounded by a mild repulsion field. (EV +2) [potion of mutation]
  1970 | D:3      | Gained mutation: Your muscles are strong. (Str +2) [potion of mutation]
  1971 | D:3      | HP: 2/48 [orc/trident (4)]
  1973 | D:3      | Slain by an orc

Skill      XL: |  1  2  3  4 |
---------------+-------------+-----
Fighting       | 3 4 |  4.2
Stealth        | 1 |  1.7
Maces & Flails | 1 2 |  2.5
Dodging        | 2 |  2.3
Throwing       | |  4.0

Action                   |  1- 3 |  4- 6 || total
-------------------------+-------+-------++-------
Melee: Short sword       |    79 |       ||    79
       Club              |    30 |     1 ||    31
       Mace              |       |    96 ||    96
Throw: Large rock        |     1 |       ||     1
  Use: Potion            |       |     4 ||     4
       Scroll            |       |     1 ||     1
 Stab: Sleeping          |     4 |     3 ||     7
       Distracted        |       |     1 ||     1
  Eat: Chunk             |     1 |     2 ||     3
Armor: Robe              |    28 |    59 ||    87
       Skin              |       |     8 ||     8
Dodge: Dodged            |    48 |    78 ||   126
